 Dungeon Crawl Stone Soup version 0.31-a0-319-g4fced400ed (webtiles) character file.

Game seed: 6898922543438248612

0 mopl the Changeling (level 1, 0/14 HPs)
             Began as an Octopode Shapeshifter on July 18, 2023.
             Slain by a frilled lizard (2 damage)
             ... on level 1 of the Dungeon.
             The game lasted 00:00:13 (36 turns).

mopl the Changeling (Octopode Shapeshifter)           Turns: 36, Time: 00:00:14

Health: 0/14       AC:  1    Str: 14    XL:     1   Next: 10%
Magic:  1/1        EV: 13    Int: 10    God:
Gold:   22         SH:  0    Dex: 12    Spells: 0/0 levels left

rFire   . .          .
                       - Unarmed
rCold   . . .        (no shield)
rNeg    . . .        (helmet currently unavailable)
rPois   .            (no amulet)
rElec   .            (no ring)
rCorr   .            (no ring)
SInv    .            (no ring)
Will    .....        (no ring)
Stlth   ++           (no ring)
HPRegen 0.22/turn    (no ring)
MPRegen 0.07/turn    (no ring)
                     (no ring)

%: no passive effects
@: beast-form
A: beast (slay +2), almost no armour, amphibious, 8 rings, camouflage 1,
gelatinous body 1, (nimble swimmer 1), tentacles
a: Begin Untransformation


You were on level 1 of the Dungeon.
You were a hulking beast.
You visited 1 branch of the dungeon, and saw 1 of its levels.

You collected 22 gold pieces.

Inventory:

Jewellery
 c - a ring of fire
Talismans
 b - a beast talisman
Potions
 a - a potion of lignification {!q}


   Skills:
 + Level 2.0 Fighting
 + Level 2.0 Dodging
 * Level 2.0 Unarmed Combat
 * Level 3.0 Shapeshifting


You couldn't memorise any spells.
You didn't know any spells.
Your spell library was empty.

Dungeon Overview and Level Annotations

Branches:
Dungeon (1/15)

Altars:


Innate Abilities, Weirdness & Mutations

You are a hulking beast.
Your limbs bulge with bestial killing power. (Slay +2)
You cannot wear most types of armour.
You are amphibious.
You can wear up to eight rings at the same time.
Your skin changes colour to match your surroundings (Stealth+).
Your rubbery body absorbs attacks. (AC +1, EV +1)
((You are camouflaged when in or above water. (Stealth+)))
You have tentacles for arms and can constrict up to eight enemies at once.


Message History

Found 8 stones and a glowing trident.
Found a staircase leading out of the dungeon.
You see here a +2 heavy trident.
You now have 12 gold pieces.
c - a ring of fire
Found a falchion.
You now have 22 gold pieces (gained 10).
You see here a +0 falchion.
Found a dagger.
You are not religious.
A rat comes into view.
A rat is nearby!
An endoplasm and a frilled lizard come into view.
The endoplasm quivers.
The endoplasm moves out of view.
A bat comes into view.
Found a stone staircase leading down.
The helpless rat fails to defend itself.
You tentacle-slap the rat.
You kill the rat!
Found a stone staircase leading down.
The bat hits you. x2
You barely miss the frilled lizard. Your grab misses the frilled lizard.
Your squeeze misses the frilled lizard. The bat hits you but does no damage.
The frilled lizard bites you but does no damage.
The endoplasm freezes you.
You are frozen.
You closely miss the frilled lizard. Your grab misses the frilled lizard.
Your squeeze misses the frilled lizard. The bat barely misses you.
The frilled lizard misses you. The endoplasm freezes you.
You are frozen.
* * * LOW HITPOINT WARNING * * *
You are too injured to fight recklessly!
You are too injured to fight recklessly!
The bat hits you.
* * * LOW HITPOINT WARNING * * *
The bat closely misses you.
The frilled lizard attacks as you move away!
The frilled lizard bites you.
You die...

..... ..... ### .....
.... #####8##### ....#
...####..§§..§§§#
##..>##...##....§§..§§§§
##........##....####.§...
#.......>##.).### ##§§§
#........##..## ##§.
#......l##..## #.
##.....bh...# #.
##.).####.## ## #### #.#
# #$# # #.# # #.. #. ...
#. #.. #§§ #§§§


You could see a bat and a frilled lizard.

Vanquished Creatures
  A rat (D:1)
1 creature vanquished.

Notes
Turn   | Place    | Note
-------+----------+-------------------------------------------
     0 | D:1      | mopl the Octopode Shapeshifter began the quest for the Orb.
     0 | D:1      | Reached XP level 1. HP: 14/14 MP: 1/1
    36 | D:1      | Slain by a frilled lizard

Illustrated notes

Levels and vault maps discovered:
D:1:      heliophobic_arrival_dark_side_of_the_moon, layout_rooms,
          minmay_tetromino_s2

Action                     || total
---------------------------++-------
  Melee: Unarmed           ||     3
   Stab: Sleeping          ||     1
 Armour: Skin              ||     2
  Dodge: Dodged            ||     3

Table legend: (Time is in decaauts)
 A = Elapsed time spent in this place.
 B = Non-inter-level travel time spent in this place.
 C = Inter-level travel time spent in this place.
 D = Time resting spent in this place.
 E = Time spent auto-exploring this place.
 F = Levels seen in this place.
 G = Mean time per level.
                   A        B        C        D        E       F      G
               +--------+--------+--------+--------+--------+-----+--------+
         Total |     35 |     35 |      0 |      0 |     24 |   1 |   35.0 |
       Dungeon |     35 |     35 |      0 |      0 |     24 |   1 |   35.0 |
               +--------+--------+--------+--------+--------+-----+--------+

Top non-repeatable levels by time:
     D:1: 35 daAuts
